 Seeded DCSS version 0.31-a0-133-gaae73658be (webtiles) character file.

Game seed: 4191116242249289706 (custom seed)

295 Pimp the Shooter (level 6, -8/36 HPs)
             Began as a Deep Elf Hunter on June 2, 2023.
             Was an Initiate of Hepliaklqana.
             Mangled by Menkaure (17 damage)
             ... on level 5 of the Dungeon.
             The game lasted 00:07:59 (3444 turns).

Pimp the Shooter (Deep Elf Hunter)                  Turns: 3444, Time: 00:07:59

Health: -8/36      AC:  5    Str:  8    XL:     6   Next: 11%
Magic:  10/10      EV: 14    Int: 14    God:    Hepliaklqana [......]
Gold:   1012       SH:  0    Dex: 26    Spells: 6/8 levels left

rFire   . . .        k - +0 orcbow
rCold   . . .        (shield currently unavailable)
rNeg    . . .        c - +2 leather armour
rPois   .            (no helmet)
rElec   .            (no cloak)
rCorr   .            (no gloves)
SInv    .            (no boots)
Will    .....        (no amulet)
Stlth   ++           d - ring of wizardry
HPRegen 0.26/turn    s - +6 ring of dexterity
MPRegen 0.12/turn

%: wizardry (x1)
@: no status effects
A: no striking features
a: Renounce Religion


You were on level 5 of the Dungeon.
You worshipped Hepliaklqana.
Hepliaklqana was noncommittal.
You visited 2 branches of the dungeon, and saw 6 of its levels.

You collected 1012 gold pieces.

Inventory:

Hand Weapons
 a - a +0 shortbow
 k - a +0 orcbow (weapon)
 q - a +0 trident
Armour
 c - a +2 leather armour (worn)
Jewellery
 d - a ring of wizardry (left hand)
 s - a +6 ring of dexterity (right hand)
Scrolls
 h - a scroll of fear
 j - 2 scrolls of teleportation
 l - 2 scrolls of noise
 m - 2 scrolls of fog
Potions
 b - a potion of brilliance
 e - a potion of curing
 f - 2 potions of lignification {unknown}
 i - a potion of mutation {unknown}
 o - a potion of degeneration {unknown}
 p - a potion of attraction {unknown}
 r - a potion of enlightenment {unknown}
 t - a potion of heal wounds {unknown}


   Skills:
 + Level 2.6 Fighting
 + Level 0.7 Polearms
 + Level 6.4 Ranged Weapons
 + Level 1.7 Armour
 + Level 3.9 Dodging
 - Level 1.7 Stealth
 + Level 1.7 Spellcasting
 + Level 1.2 Conjurations
 + Level 1.2 Air Magic


You had 6 spell levels left.
You knew the following spells:

 Your Spells              Type           Power      Damage    Failure   Level
a - Static Discharge      Conj/Air       8%         2-3/arc   12%         2

Your spell library contained the following spells:

 Spells                   Type           Power      Damage    Failure   Level
 Airstrike                Air            2%         2d(1-17)  58%         4
 Summon Lightning Spire   Summ/Air       2%         N/A       69%         4


Dungeon Overview and Level Annotations

Branches:
Dungeon (5/15)             Temple (1/1) D:4

Altars:
Cheibriados
Hepliaklqana
Makhleb
Sif Muna
Trog
Xom

Shops:
D:1 :   D:3 [

Annotations:
D:5 Menkaure


Message History

The howler monkey hoots and howls with incredible vigour!
You hear a shout! x2; You hear an angry hiss.
There is a stone staircase leading up here.
You shoot an arrow.
The arrow hits the howler monkey but does no damage.
The howler monkey is severely wounded.
The howler monkey completely misses you.
Menkaure mumbles some strange words.
Menkaure seems to speed up.
The howler monkey hits you but does no damage.
You shoot an arrow.
The arrow barely misses the howler monkey.
The arrow closely misses the ufetubus.
The howler monkey misses you.
You shoot an arrow. The arrow hits the howler monkey!
You kill the howler monkey!
The ufetubus misses you. The ufetubus hits you.
You have reached level 6!
You shoot an arrow. The arrow hits the ufetubus.
The ufetubus is lightly wounded.
The ufetubus hits you but does no damage.
The ufetubus barely misses you. The ufetubus completely misses you.
The ufetubus hits you but does no damage.
You shoot an arrow. The arrow hits the ufetubus!
You kill the ufetubus!
You shoot an arrow.
The arrow hits Menkaure but does no damage.
Menkaure closely misses you. Menkaure hits you!
You shoot an arrow.
The arrow hits Menkaure but does no damage.
Menkaure closely misses you.
You shoot an arrow. The arrow hits Menkaure!
Menkaure is heavily damaged.
Menkaure hits you!
Menkaure points at you and mumbles some strange words.
Pain shoots through your body!
* * * LOW HITPOINT WARNING * * *
You shoot an arrow. The arrow barely misses Menkaure.
Menkaure barely misses you.
It was a potion of curing.
You feel better. Menkaure hits you!
You die...

#### .....
###......
#####........
#@M..#.......
###.##.......
#.# M......
#.# .......
#.# .......
... .######
### ##


You could see Menkaure (fast).

Vanquished Creatures
  A scorpion (D:4)
  A howler monkey (D:5)
  Jessica (D:3)
  An orc wizard (D:3)
  An iguana (D:4)
  5 adders
  An ufetubus (D:5)
  2 worms
  A dart slug (D:1)
  2 orcs (D:3)
  3 bats (D:3)
  7 endoplasms
  3 giant cockroaches (D:1)
  5 goblins
  6 hobgoblins
  3 jackals (D:3)
  6 kobolds
  3 quokkas
  2 ball pythons (D:4)
  2 frilled lizards (D:1)
  7 rats
63 creatures vanquished.

Notes
Turn   | Place    | Note
-------+----------+-------------------------------------------
     0 | D:1      | Pimp the Deep Elf Hunter began the quest for the Orb.
     0 | D:1      | Reached XP level 1. HP: 12/12 MP: 3/3
   142 | D:1      | Reached XP level 2. HP: 17/17 MP: 4/4
   383 | D:1      | Found Himatz's Book Shoppe.
   608 | D:1      | Found a faded altar of an unknown god.
  1004 | D:2      | Reached XP level 3. HP: 21/21 MP: 5/5
  1050 | D:2      | Learned a level 2 spell: Static Discharge
  1455 | D:3      | Reached skill level 1 in Armour
  1495 | D:3      | HP: 1/21 [something/magic dart (3)]
  1591 | D:3      | Reached skill level 6 in Ranged Weapons
  1591 | D:3      | Reached XP level 4. HP: 11/26 MP: 6/6
  1656 | D:3      | Noticed a phantom
  1878 | D:3      | Found Omie's Armour Shoppe.
  2218 | D:3      | Identified a scroll of acquirement
  2218 | D:3      | Acquired 858 gold pieces
  2231 | D:3      | Noticed Jessica
  2236 | D:3      | Killed Jessica
  2237 | D:3      | Reached XP level 5. HP: 31/31 MP: 7/7
  2452 | D:4      | Reached skill level 1 in Spellcasting
  2452 | D:4      | Reached skill level 1 in Air Magic
  2870 | D:4      | Found a staircase to the Ecumenical Temple.
  3087 | D:5      | Entered Level 5 of the Dungeon
  3103 | D:5      | Noticed an ogre
  3123 | D:4      | Reached skill level 1 in Conjurations
  3261 | Temple   | Entered the Ecumenical Temple
  3377 | Temple   | Became a worshipper of Hepliaklqana the Forgotten
  3428 | D:5      | Noticed Menkaure
  3438 | D:5      | Reached XP level 6. HP: 32/36 MP: 10/10
  3444 | D:5      | Mangled by Menkaure

Illustrated notes

Levels and vault maps discovered:
D:1:      eino_arrival_water_star, layout_basic, serial_shops, shop,
          serial_forest, infiniplex_forest_lined_2,
          infiniplex_forest_straight_1, infiniplex_forest_clump_small,
          infiniplex_forest_lined_3, infiniplex_forest_end_double,
          infiniplex_forest_straight_5,
          dreamdust_ecumenical_altar_hidden_monk_grotto
D:2:      layout_basic
D:3:      layout_rooms, serial_shops, shop, minivault_4, chequers_garden,
          interstate_on_off, amcnicky_mini_corridor_feature, uniq_jessica
D:4:      layout_gridville, temple_doors_cd
D:5:      layout_basic, uniq_menkaure, uniq_ijyb, uniq_eustachio, uniq_duvessa,
          uniq_sigmund
Temple:   mainiacjoe_temple_big_plus

Skill      XL: |  1  2  3  4  5 |
---------------+----------------+-----
Fighting       | 2 |  2.6
Dodging        | 3 |  3.9
Armour         | 1 |  1.7
Ranged Weapons | 6 |  6.4
Spellcasting   | 1 |  1.7
Air Magic      | 1 |  1.2
Conjurations   | 1 |  1.2
Polearms       | |  0.7
Stealth        | |  1.7

Action                     |  1- 3 |  4- 6 || total
---------------------------+-------+-------++-------
  Melee: Shortbow          |     1 |       ||     1
   Fire: Shortbow          |   115 |    94 ||   209
         Orcbow            |       |    12 ||    12
    Use: Scroll            |     2 |    12 ||    14
         Potion            |     1 |     1 ||     2
 Armour: Leather armour    |     9 |     9 ||    18
  Dodge: Dodged            |    11 |    40 ||    51

Table legend: (Time is in decaauts)
 A = Elapsed time spent in this place.
 B = Non-inter-level travel time spent in this place.
 C = Inter-level travel time spent in this place.
 D = Time resting spent in this place.
 E = Time spent auto-exploring this place.
 F = Levels seen in this place.
 G = Mean time per level.
                   A        B        C        D        E       F      G
               +--------+--------+--------+--------+--------+-----+--------+
         Total |   3483 |   3080 |    403 |    319 |   2288 |   6 |  580.5 |
       Dungeon |   3344 |   2961 |    383 |    319 |   2176 |   5 |  668.8 |
        Temple |    138 |    118 |     20 |      0 |    112 |   1 |  138.0 |
               +--------+--------+--------+--------+--------+-----+--------+

Top non-repeatable levels by time:
     D:2: 960 daAuts
     D:4: 859 daAuts
     D:3: 752 daAuts
     D:1: 715 daAuts
  Temple: 138 daAuts
     D:5: 57 daAuts
